AoeStats
← Smelltheloud370

Arabia

509029728Analyzed
3v3 RM · 7d ago on Sep 25, 2026· 43m 34s· 6 players
Game mode
Random Map
Map size
Normal (6 player)
Population
200
Speed
Normal
Resources
Standard
Victory
Conquest
Starting age
Dark Age
Ending age
Imperial Age
RankedLock teamsTeams togetherTeam positionsShared explorationLock speedFull tech treeHidden civsTurbo modeCheats
Victory
Defeat
🇳🇴 Magyars · Norway
880
+9
🇨🇳 Persians · China
705
+15
🇺🇸 Franks · United States
701
+32
🇺🇸 Dravidians · United States
704
-13
🇺🇸 Georgians · United States
700
-13
🇺🇸 Italians · United States
699
-13
cmac1991
10:24 Feudal Age
14:21 Wheelbarrow
16:15 Gold Mining
25:38 Castle Age
25:44 Stone Mining
29:04 Light Cavalry
29:45 Husbandry
31:51 Caravan
35:31 Forging
35:22 Scale Mail Armor
35:27 Scale Barding Armor
35:23 Padded Archer Armor
35:13 Fletching
40:27 Imperial Age
41:42 Iron Casting
41:23 Chain Mail Armor
41:28 Chain Barding Armor
41:24 Leather Archer Armor
41:32 Cavalier
45:02 Chemistry
zeng2382024
0:36 Loom
11:46 Feudal Age
16:50 Horse Collar
20:07 Castle Age
19:39 Double-Bit Axe
20:20 Bloodlines
22:21 Scale Barding Armor
24:59 Heavy Plow
27:02 Husbandry
34:34 Chain Barding Armor
34:25 Forging
37:03 Iron Casting
37:26 Bow Saw
43:03 Imperial Age
Rømmern
2:36 Loom
10:10 Feudal Age
14:31 Bloodlines
23:31 Castle Age
21:58 Double-Bit Axe
22:37 Fletching
22:49 Padded Archer Armor
24:31 Stone Mining
27:17 Wheelbarrow
30:03 Horse Collar
32:23 Ballistics
37:54 Imperial Age
36:17 Gold Mining
37:37 Leather Archer Armor
37:18 Bodkin Arrow
38:08 Bow Saw
38:16 Hand Cart
39:00 Town Watch
WomenMissMe
11:21 Feudal Age
11:47 Horse Collar
11:56 Double-Bit Axe
13:13 Man-at-Arms
25:49 Castle Age
24:44 Fletching
25:19 Padded Archer Armor
27:04 Thumb Ring
26:58 Bodkin Arrow
28:33 Leather Archer Armor
29:47 Ballistics
30:46 Murder Holes
39:37 Imperial Age
Smelltheloud370
12:10 Feudal Age
12:17 Man-at-Arms
25:28 Castle Age
24:42 Double-Bit Axe
24:41 Horse Collar
24:57 Stone Mining
25:39 Pikeman
26:21 Squires
27:24 Scale Mail Armor
27:35 Forging
33:06 Long Swordsman
33:35 Gambesons
33:35 Arson
34:10 Chain Mail Armor
34:30 Iron Casting
37:34 Gold Mining
BATLEFIELD KING
0:45 Loom
14:28 Feudal Age
18:29 Town Watch
19:20 Wheelbarrow
20:48 Fletching
20:42 Horse Collar
23:20 Castle Age
24:29 Bodkin Arrow
25:59 Fortified Wall
28:11 Hand Cart
27:56 Town Patrol
28:13 Heavy Plow
28:56 Double-Bit Axe
31:39 Ballistics
32:32 Murder Holes
33:43 Svan Towers
33:32 Guard Tower
35:16 Forging
35:13 Scale Barding Armor
38:19 Imperial Age
36:21 Bow Saw
36:09 Gold Mining
36:21 Stone Mining
38:59 Iron Casting
38:46 Chain Barding Armor
Connection lost

Rejoining the realm…

Still unreachable

The connection could not be restored.

Session expired

The server has moved on; the page needs a fresh start.